 Dungeon Crawl Stone Soup version 0.26.0-15-gc6cd9f700b (webtiles) character file.

Game seed: 10003808846380008803

564048 Gauvater the Slayer (level 27, -3/234 (237) HPs)
             Began as a Formicid Fighter on Jan 14, 2021.
             Was an Elder of Zin.
             Slain by an azure jelly (5 damage)
             ... created by the Royal Jelly
             ... on level 4 of the Pits of Slime on Jan 17, 2021.
             The game lasted 12:27:29 (105186 turns).

Gauvater the Slayer (Formicid Fighter)            Turns: 105186, Time: 12:27:59

HP:   -3/234 (237)  AC: 15    Str: 31    XL:     27
MP:   36/36         EV: 15    Int: 14    God:    Zin [****..]
Gold: 2172          SH: 33    Dex: 10    Spells: 26/26 levels left

rFire    + + .     SeeInvis +   Y - +9 battleaxe (elec)
rCold    + . .     Faith    .   c - +6 tower shield
rNeg     + + .     Spirit   .   r - +6 chain mail "Amarucke" {rF++ Int+3}
rPois    .         Reflect  +   (helmet unavailable)
rElec    +         Harm     .   H - scarf {shadows}
rCorr    +         Rampage  .   a - +2 pair of gloves {archery}
Will     ++...                  Z - +2 pair of boots
Stlth    ..........             D - amulet of reflection
HPRegen  0.49/turn              l - ring of resist corrosion
MPRegen  0.25/turn              X - ring "Aleph" {*Slow rElec rC+ rN++ Stlth+}

@: corroded, lightly drained
A: permanent stasis, dig shafts and tunnels, four strong arms, antennae 3
}: 2/15 runes: decaying, serpentine
a: Dig, Shaft Self, Renounce Religion, Recite, Vitalisation, Imprison, Donate
Gold


You were on level 4 of the Pits of Slime.
You worshipped Zin.
Zin was greatly pleased with you.
You visited 12 branches of the dungeon, and saw 53 of its levels.
You also visited: Sewer and Bailey.

You collected 7644 gold pieces.
You spent 5026 gold pieces at shops.
You donated 446 gold pieces to Zin.

Inventory:

Hand Weapons
 x - a +7 arbalest
 K - a +3 scimitar of flaming
 S - a +9 battleaxe of holy wrath
 Y - a +9 battleaxe of electrocution (weapon)
Missiles
 s - 2014 bolts
 t - 5 throwing nets
 u - 6 datura-tipped darts
 v - 23 boomerangs (quivered)
 I - 3 silver javelins
Armour
 a - a +2 pair of gloves of archery (worn)
 c - a +6 tower shield (worn)
 r - the +6 chain mail "Amarucke" (worn) {rF++ Int+3}
   (You took it off an iron imp on level 4 of the Depths)

   It affects your intelligence (+3).
   It greatly protects you from fire.
 H - a scarf of shadows (worn)
 Z - a +2 pair of boots (worn)
Jewellery
 b - the ring "Rydaemac" {rPois rN+ Slay+2}
   (You bought it in a shop on level 1 of the Elven Halls)

   [ring of poison resistance]

   It affects your accuracy and damage with ranged weapons and melee attacks
   (+2).
   It protects you from poison.
   It protects you from negative energy.
 i - a +4 ring of evasion
 j - the ring "Coraol" {EV+4 Int+4 Dex-5 Slay+2}
   (You bought it in a shop on level 2 of the Orcish Mines)

   [ring of evasion]

   It affects your evasion (+4).
   It affects your intelligence (+4).
   It affects your dexterity (-5).
   It affects your accuracy and damage with ranged weapons and melee attacks
   (+2).
 l - a ring of resist corrosion (left hand)
 n - the ring "Ebast" {Wiz Will+ Slay+3}
   (You took it off a deep elf mage on level 3 of the Elven Halls)

   [ring of wizardry]

   It improves your spell success rate.
   It affects your accuracy and damage with ranged weapons and melee attacks
   (+3).
   It affects your willpower, your defense against some magical effects.
 p - an uncursed ring of protection from cold
 z - the ring "Hedinih" {rF+ Will+ Stlth-}
   (You bought it in a shop on level 2 of the Orcish Mines)

   [ring of attention]

   It protects you from fire.
   It affects your willpower, your defense against some magical effects.
   It makes you less stealthy.
 D - an amulet of reflection (around neck)
 F - a +4 ring of protection
 J - the ring "Raheydia" {*Tele +Inv rF++ rC- Will+}
   (You bought it in a shop on level 1 of the Elven Halls)

   [ring of teleportation]

   It may teleport you next to monsters.
   It greatly protects you from fire.
   It makes you vulnerable to cold.
   It affects your willpower, your defense against some magical effects.
   It lets you turn invisible.
 P - the ring "Nasemeur" {rC+ rN+++ Str-2 Slay-4 Stlth+}
   (You found it on level 2 of the Depths)

   [ring of protection from cold]

   It affects your strength (-2).
   It affects your accuracy and damage with ranged weapons and melee attacks
   (-4).
   It protects you from cold.
   It renders you almost immune to negative energy.
   It makes you more stealthy.
 V - the ring of the Mutiny {*Tele rC+ rN+ Stlth+}
   (You bought it in a shop on level 11 of the Dungeon)

   [ring of teleportation]

   It may teleport you next to monsters.
   It protects you from cold.
   It protects you from negative energy.
   It makes you more stealthy.
 X - the ring "Aleph" (right hand) {*Slow rElec rC+ rN++ Stlth+}
   (You found it on level 3 of the Crypt)

   [ring of stealth]

   It protects you from cold.
   It insulates you from electricity.
   It greatly protects you from negative energy.
   It may slow you when you take damage.
   It makes you more stealthy.
Wands
 g - a wand of enslavement (16)
 y - a wand of disintegration (14)
 G - a wand of paralysis (71)
 M - a wand of acid (26)
 N - a wand of iceblast (60)
Scrolls
 h - 2 scrolls of holy word
 k - 3 scrolls of immolation
 m - 3 scrolls of silence
 o - 19 scrolls of remove curse
 A - a scroll of fear
 O - 7 scrolls of fog
 Q - a scroll of magic mapping
 U - 7 scrolls of identify
 W - 4 scrolls of summoning
Potions
 f - 3 potions of cancellation
 q - 2 potions of ambrosia
 w - 4 potions of curing
 C - 3 potions of invisibility
 E - 2 potions of resistance
Miscellaneous
 d - a lightning rod (4/4)
 e - a phantom mirror
 T - a phial of floods


   Skills:
 + Level 23.8 Fighting
 + Level 3.8 Long Blades
 - Level 20.5(20.7) Axes
 - Level 5.3(14.8) Maces & Flails
 * Level 5.5 Crossbows
 - Level 13.3 Throwing
 + Level 16.5 Armour
 - Level 13.8 Dodging
 - Level 1.6 Stealth
 - Level 15.4 Shields
 + Level 19.8 Invocations
 + Level 14.3 Evocations


You had 26 spell levels left.
You didn't know any spells.
Your spell library contained the following spells:

 Spells                   Type           Power        Failure   Level
 Animate Skeleton         Necr           0%           63%         1
 Apportation              Tloc           0%           63%         1
 Beastly Appendage        Tmut           0%           63%         1
 Corona                   Hex            0%           63%         1
 Freeze                   Ice            0%           63%         1
 Magic Dart               Conj           0%           63%         1
 Pain                     Necr           0%           63%         1
 Sandblast                Erth           0%           63%         1
 Shock                    Conj/Air       0%           63%         1
 Sting                    Tmut/Pois      0%           63%         1
 Call Imp                 Summ           0%           77%         2
 Ensorcelled Hibernation  Hex/Ice        0%           77%         2
 Passwall                 Tmut/Erth      0%           77%         2
 Poisonous Vapours        Pois/Air       0%           77%         2
 Searing Ray              Conj           0%           77%         2
 Slow                     Hex            0%           77%         2
 Wereblood                Tmut           0%           77%         2
 Confusing Touch          Hex            0%           94%         3
 Conjure Flame            Conj/Fire      0%           94%         3
 Dazzling Flash           Conj/Hex       0%           94%         3
 Frozen Ramparts          Ice            0%           94%         3
 Gell's Gravitas          Tloc           0%           94%         3
 Ignite Poison            Fire/Tmut/Pois 0%           94%         3
 Inner Flame              Hex/Fire       0%           94%         3
 Lesser Beckoning         Tloc           0%           94%         3
 Mephitic Cloud           Conj/Pois/Air  0%           94%         3
 Ozocubu's Armour         Ice            0%           94%         3
 Portal Projectile        Hex/Tloc       0%           94%         3
 Spider Form              Tmut/Pois      0%           94%         3
 Static Discharge         Conj/Air       0%           94%         3
 Tukima's Dance           Hex            0%           94%         3
 Vampiric Draining        Necr           0%           94%         3
 Airstrike                Air            0%           100%        4
 Animate Dead             Necr           0%           100%        4
 Cause Fear               Hex            0%           100%        4
 Fulminant Prism          Conj/Hex       0%           100%        4
 Hailstorm                Conj/Ice       0%           100%        4
 Ice Form                 Ice/Tmut       0%           100%        4
 Iskenderun's Mystic Bla  Conj/Tloc      0%           100%        4
 Leda's Liquefaction      Hex/Erth       0%           100%        4
 Olgreb's Toxic Radiance  Pois           0%           100%        4
 Petrify                  Tmut/Erth      0%           100%        4
 Summon Ice Beast         Ice/Summ       0%           100%        4
 Summon Lightning Spire   Summ/Air       0%           100%        4
 Agony                    Necr           0%           100%        5
 Alistair's Intoxication  Tmut/Pois      0%           100%        5
 Blade Hands              Tmut           0%           100%        5
 Bolt of Magma            Conj/Fire/Erth 0%           100%        5
 Borgnjor's Vile Clutch   Necr/Erth      0%           100%        5
 Iskenderun's Battlesphe  Conj           0%           100%        5
 Lightning Bolt           Conj/Air       0%           100%        5
 Metabolic Englaciation   Hex/Ice        0%           100%        5
 Silence                  Hex/Air        0%           100%        5
 Yara's Violent Unravell  Hex/Tmut       0%           100%        5
 Conjure Ball Lightning   Conj/Air       0%           100%        6
 Death Channel            Necr           0%           100%        6
 Invisibility             Hex            0%           100%        6
 Iron Shot                Conj/Erth      0%           100%        6
 Simulacrum               Ice/Necr       0%           100%        6
 Statue Form              Tmut/Erth      0%           100%        6
 Orb of Destruction       Conj           0%           100%        7
 Spellforged Servitor     Conj/Summ      0%           100%        7
 Discord                  Hex            0%           100%        8
 Shatter                  Erth           0%           100%        9
 Tornado                  Air            0%           100%        9
 Blink                    Tloc           Unusable     N/A         2
 Swiftness                Air            Unusable     N/A         2

Dungeon Overview and Level Annotations

Branches:
Dungeon (15/15)            Temple (1/1) D:5            Lair (6/6) D:8
  Swamp (4/4) Lair:3        Snake (4/4) Lair:4        Slime (5/5) Lair:5
    Orc (2/2) D:10            Elf (3/3) Orc:2        Vaults (4/5) D:13
  Crypt (3/3) Vaults:3       Tomb (1/3) Crypt:3      Depths (5/5) D:15
    Zot (0/5) Depths:5      Sewer (visited)          Bailey (visited)

Altars:
Ashenzari
Cheibriados
Dithmenos
Elyvilon
Fedhas
Gozag
Hepliaklqana
Kikubaaqudgha
Makhleb
Nemelex Xobeh
Okawaru
Qazlal
Ru
Sif Muna
Trog
Uskayaw
Vehumet
Wu Jian
Xom
Yredelemnul
Zin
The Shining One
Beogh
Lugonu

Shops:
D:11 =   D:12 (   D:15 [[*   Orc:2 ?[==?   Elf:1 ==}   Snake:4 [   Vaults:2 *
Depths:1 :   Depths:3 [!

Portals:
Hell: Depths:1 Depths:4 Depths:5
Abyss: Depths:2 Depths:3 Depths:4
Pandemonium: Depths:2 Depths:3
Ziggurat: Depths:3
Trove: Vaults:1 (give +5 demon trident)

Annotations:
Lair:3 exclusions: ice statue and oklob plant
Lair:4 3 runed translucent doors, runemage's ghost, journeyman GnFi
Swamp:3 2 transporters, exclusion: orange crystal statue
Slime:5 Royal Jelly
Vaults:4 1 transporter
Crypt:2 1 transporter
Depths:3 the Enchantress


Innate Abilities, Weirdness & Mutations

You cannot be hasted, slowed, berserked, paralysed or teleported.
You can dig through walls and to a lower floor.
Your four strong arms can wield two-handed weapons with a shield.
You have a pair of large antennae on your head. (SInv)


Message History

* * * LOW HITPOINT WARNING * * *
You slice the death ooze!!
Lightning courses through the death ooze!
You destroy the death ooze!
That felt strangely unrewarding.
You slice the death ooze!!
Lightning courses through the death ooze!
You slice the azure jelly!! You hit the death ooze.
You hit the acid blob but do no damage.
Your hands burn!
* * * LOW HITPOINT WARNING * * *
The acid blob spits acid at you. The splash of acid hits you. You resist.
* * * LOW HITPOINT WARNING * * *
The acid corrodes you!
You are splashed with acid.
You resist.
* * * LOW HITPOINT WARNING * * *
You block the death ooze's attack. x3
The death ooze hits you but does no damage.
You block the acid blob's attack.
The azure jelly hits you but does no damage. x3
The azure jelly hits you.
You die...

#...........###............
##...........#..........##.
*#..........#............#.
#....................##.###
##.#.............##.##### #
##................##
#.............#....#
##...#..JJJ....##.##
##......@J.....###
*#......JJ.......#
*...............##
*,.............##
*,..#....<...<..#
**.............##
*#.##.#.#.##.##
##*##########


You could see 3 acid blobs, an azure jelly and 2 death oozes.

Vanquished Creatures
  Mara (Depths:2)
  3 juggernauts
  2 ancient liches (Crypt:3)
  3 royal mummies (Tomb:1)
  A curse toe (Crypt:3)
  Frederick (Depths:3)
  Vashnia (Snake:2)
  Saint Roka (Depths:3)
  5 golden dragons
  Nikola (Snake:2)
  A bone dragon (Crypt:3)
  A tentacled monstrosity (Depths:4)
  Jorgrun (Snake:2)
  7 liches
  A shard shrike skeleton (Crypt:1)
  3 deep elf blademasters
  A titan (Depths:4)
  2 deep elf master archers (Elf:3)
  34 acid blobs
  7 ancient champions
  7 sphinxes
  Frances (D:12)
  2 thorn hunters
  4 storm dragons
  4 tengu reavers
  Roxanne (Elf:3)
  4 shadow dragons
  Donald (Snake:4)
  8 nagarajas
  A fenstrider witch (Swamp:3)
  3 revenants
  20 azure jellies
  4 frost giants
  6 fire giants
  7 deep elf sorcerers
  Aizul (Snake:2)
  3 curse skulls
  A draconian shifter (Depths:5)
  4 draconian stormcallers
  6 vault wardens
  13 ghouls
  4 deep elf elementalists
  24 very ugly things
  A caustic shrike skeleton (Crypt:1)
  16 stone giants
  10 ironheart preservers
  Nessos (D:14)
  17 vampire knights
  3 entropy weavers
  A bunyip (Swamp:3)
  Azrael (D:12)
  6 deep elf annihilators (Elf:3)
  A purple draconian (Depths:5)
  A black draconian (Depths:5)
  4 deep elf demonologists (Elf:3)
  4 eidola
  Snorg (Lair:3)
  2 yellow draconians (Depths:5)
  6 deep elf death magi
  8 ettins
  13 jiangshi
  A quicksilver dragon zombie (Depths:4)
  4 eleionomae
  2 merfolk impalers (Depths:4)
  3 rakshasas
  19 death oozes
  3 deep elf high priests
  6 catoblepae
  15 great orbs of eyes
  12 ice dragons
  16 yaktaur captains
  14 fire dragons
  Harold (D:10)
  A boulder beetle (shapeshifter) (Depths:5)
  2 peacekeepers (Vaults:4)
  11 hydras
  3 boulder beetles
  3 vault guards (Vaults:3)
  19 naga warriors
  26 two-headed ogres
  A two-headed ogre (shapeshifter) (Vaults:2)
  2 ghost crabs (Swamp:4)
  18 centaur warriors
  4 death knights
  7 anacondas
  13 death yaks
  11 deep troll shamans
  12 tengu warriors
  23 dancing weapons
  2 alligators (Swamp:1)
  4 death scarabs (Tomb:1)
  15 vampire magi
  3 spriggan berserkers
  11 ogre magi
  Urug (Orc:1)
  9 deep troll earth magi
  14 naga sharpshooters
  The ghost of TimelessDreamer the Nimble, a novice DsWn (D:9)
  7 shock serpents
  A small abomination (Elf:3)
  Nergalle (Lair:1)
  Sonja (D:12)
  2 sun demons (Depths:4)
  16 deep elf knights
  8 spriggans
  5 soul eaters
  29 skeletal warriors
  A fire crab (shapeshifter) (Depths:3)
  3 shadow wraiths (Crypt:3)
  6 glowing orange brains
  4 iron trolls
  22 deep trolls
  A shadow demon (Depths:4)
  A spark wasp zombie (Crypt:3)
  3 goliath frogs
  3 spriggan druids
  5 naga ritualists
  5 spectral hydras
  An anaconda zombie (Crypt:2)
  4 unseen horrors
  10 ironbrand convokers
  10 bog bodies
  An obsidian statue (Depths:4)
  13 phantasmal warriors
  6 wizards
  16 orc knights
  6 flayed ghosts
  3 necromancers
  6 swamp dragons
  4 harpies (D:13)
  A harpy (shapeshifter) (Orc:2)
  2 shadow dragon zombies
  15 deep elf archers
  A lindwurm (Lair:6)
  64 deep elf magi
  7 mana vipers
  2 stone giant zombies (Crypt:2)
  2 oklob plants
  13 salamanders
  6 cyclopes
  A will-o-the-wisp (Swamp:2)
  8 shining eyes
  42 ugly things
  3 elephants (Lair:3)
  4 orc sorcerers
  2 fire giant zombies
  5 manticores
  A cyclops (shapeshifter) (Depths:4)
  3 wolf spiders
  An iron dragon skeleton (Depths:4)
  A rust devil (Depths:4)
  9 vault sentinels
  5 guardian serpents
  11 cane toads
  A guardian serpent (shapeshifter) (Vaults:3)
  A dire elephant skeleton (Crypt:2)
  2 torpor snails
  27 black mambas
  A black mamba (shapeshifter) (Depths:2)
  2 orange demons (Depths:4)
  16 naga magi
  5 eyes of devastation
  Maggie (Lair:1)
  2 rime drakes (Lair:6)
  A red draconian zombie (Crypt:2)
  A green draconian zombie (Crypt:2)
  7 guardian mummies (Tomb:1)
  A redback zombie (D:14)
  44 yaktaurs
  7 freezing wraiths
  14 komodo dragons
  3 tengu conjurers
  2 ice devils (Depths:4)
  2 red devils (Depths:4)
  A jumping spider (Vaults:3)
  17 trolls
  A hydra zombie (Swamp:4)
  4 polar bears
  A death yak skeleton (Crypt:3)
  2 iron troll skeletons (Crypt:2)
  3 bloated husks
  A tyrant leech (Swamp:3)
  6 hornets
  4 death drake zombies (Swamp:4)
  3 hydra skeletons (Swamp:4)
  155 slime creatures
  10 dream sheep (Lair:6)
  2 fire giant simulacra
  A harpy skeleton (D:9)
  16 blink frogs
  A spriggan (shapeshifter) (Vaults:2)
  7 flying skulls
  A shadow (D:13)
  3 tarantellas
  4 wraiths
  2 air elementals
  2 vampires
  100 yaks
  8 ushabtiu (Tomb:1)
  An alligator skeleton (Tomb:1)
  4 redbacks
  9 water elementals
  11 wyverns
  Eustachio (D:6)
  A fire elemental (D:11)
  6 golden eyes
  A basilisk (shapeshifter) (Vaults:3)
  3 basilisks
  A steam dragon (D:14)
  6 vampire mosquitoes
  16 swamp worms
  2 acid dragons
  73 nagas
  12 wargs
  4 hell hounds
  A hydra simulacrum (Swamp:4)
  30 water moccasins
  42 orc warriors
  A floating eye (Depths:3)
  An eye of draining (shapeshifter) (Vaults:2)
  2 meliai simulacra (D:14)
  2 phantoms
  9 ice beasts
  8 swamp drakes
  54 ogres
  A swamp dragon zombie (Swamp:4)
  3 sky beasts
  4 black bears
  4 necrophages
  8 eyes of draining
  21 wolves
  14 boggarts
  37 centaurs
  3 big kobolds
  3 earth elementals
  19 bullfrogs
  A gnoll sergeant (D:8)
  A salamander skeleton (Crypt:3)
  4 wyvern skeletons
  2 scorpions
  2 water moccasin skeletons
  9 killer bees
  5 howler monkeys
  17 wights
  An electric eel (Lair:3)
  8 crimson imps (Depths:4)
  6 quasits
  4 centaur zombies
  5 hounds
  7 jellies
  11 orc priests
  A bullfrog skeleton (D:10)
  19 orc wizards
  An iron imp (Depths:4)
  4 centaur skeletons
  7 iguanas
  A basilisk skeleton (Crypt:1)
  6 worker ants
  An acid dragon zombie (Crypt:1)
  A tengu zombie (Crypt:3)
  A naga zombie (Crypt:2)
  A demigod skeleton (Crypt:1)
  A naga skeleton (Crypt:2)
  A hound skeleton (D:8)
  24 mummies (Tomb:1)
  3 worker ant zombies
  22 adders
  9 gnolls
  A river rat (Sewer)
  A shadow imp (Depths:4)
  7 white imps
  A lava snake zombie (Crypt:3)
  5 oozes
  A lava snake skeleton (Crypt:1)
  An adder skeleton (D:9)
  3 adder zombies
  4 worms
  A dart slug (D:1)
  4 leopard geckos
  85 orcs
  6 bats
  9 giant cockroaches
  9 goblins
  10 hobgoblins
  5 jackals
  34 kobolds
  A quokka (D:5)
  5 ball pythons
  10 frilled lizards
  A frilled lizard skeleton (Crypt:1)
  A gnoll zombie (Crypt:3)
  A quokka skeleton (D:4)
  11 rats
  2 briar patches (Swamp:3)
  A bush (Lair:4)
  2 pillars of salt
2348 creatures vanquished.

Vanquished Creatures (collateral kills)
  A vampire knight (Swamp:4)
  A goliath frog (Swamp:4)
  2 ugly things (Depths:1)
  A troll (Depths:3)
  A boggart (Depths:1)
6 creatures vanquished.

Vanquished Creatures (others)
  A stone giant (Depths:3)
  A deep elf knight (Vaults:3)
  A wizard (Depths:1)
  A bog body (Swamp:1)
  A deep elf mage (Vaults:4)
  A salamander (Snake:2)
  4 bloated husks
  A naga (Snake:4)
  A gelid demonspawn zombie (Crypt:3)
  An orc warrior (Vaults:4)
  2 ogres
  2 centaurs (Vaults:4)
  An orc priest (Vaults:4)
  2 orcs (Orc:1)
  12 foxfires (Swamp:2)
  59 fungi
  22 pillars of salt
  121 plants
  8 withered plants (Crypt:3)
242 creatures vanquished.

Grand Total: 2596 creatures vanquished

Notes
Turn   | Place    | Note
-------+----------+-------------------------------------------
     0 | D:1      | Gauvater the Formicid Fighter began the quest for the Orb.
     0 | D:1      | Reached XP level 1. HP: 18/18 MP: 1/1
    72 | D:1      | Reached XP level 2. HP: 24/24 MP: 2/2
   435 | D:1      | Reached XP level 3. HP: 28/28 MP: 3/3
  1080 | D:2      | Reached XP level 4. HP: 23/37 MP: 4/4
  2693 | D:4      | Reached skill level 1 in Dodging
  2693 | D:4      | Reached XP level 5. HP: 41/42 MP: 5/5
  2709 | D:4      | Found a burning altar of Makhleb.
  2855 | D:4      | Reached skill level 4 in Fighting
  3069 | D:4      | Reached XP level 6. HP: 17/49 MP: 6/6
  3305 | D:4      | Noticed an ogre
  3313 | D:4      | Killed an ogre
  3919 | D:4      | Reached XP level 7. HP: 53/55 MP: 7/7
  4446 | D:5      | Entered Level 5 of the Dungeon
  4490 | D:5      | Reached skill level 5 in Fighting
  4490 | D:5      | Reached skill level 1 in Throwing
  4490 | D:5      | Reached skill level 5 in Shields
  4819 | D:5      | Found a staircase to the Ecumenical Temple.
  4824 | Temple   | Entered the Ecumenical Temple
  4905 | Temple   | Became a worshipper of Zin the Law-Giver
  4905 | Temple   | Reached * piety under Zin
  5060 | D:5      | Reached ** piety under Zin
  5126 | D:5      | Found a glowing drain.
  5134 | Sewer    | Entered a sewer
  6234 | D:6      | Reached skill level 1 in Invocations
  6270 | D:6      | Noticed a water moccasin
  6280 | D:6      | Killed a water moccasin
  6281 | D:6      | Reached skill level 5 in Axes
  6281 | D:6      | Reached skill level 1 in Stealth
  6281 | D:6      | Reached XP level 8. HP: 63/63 MP: 7/9
  6526 | D:6      | Noticed a yak
  6527 | D:6      | Noticed a yak
  6527 | D:6      | Noticed a yak
  6527 | D:6      | Noticed Eustachio
  6581 | D:5      | Killed a yak
  6582 | D:5      | Reached skill level 6 in Fighting
  7022 | D:6      | Reached skill level 5 in Armour
  7184 | D:7      | Reached XP level 9. HP: 69/69 MP: 11/11
  7378 | D:7      | Reached *** piety under Zin
  8028 | D:8      | Reached skill level 7 in Fighting
  8229 | D:8      | Found a staircase to the Lair.
  8245 | D:7      | Reached skill level 5 in Invocations
  8302 | D:7      | Reached XP level 10. HP: 52/79 MP: 13/13
  9308 | D:8      | Reached **** piety under Zin
  9857 | D:8      | You fall into a shaft and drop 1 floor!
  9977 | D:9      | Reached skill level 8 in Fighting
 10365 | D:9      | Reached XP level 11. HP: 83/87 MP: 14/16
 10620 | D:9      | Found a transporter.
 10622 | D:9      | Found a transporter.
 10628 | D:9      | Noticed TimelessDreamer's ghost (novice DsWn)
 10630 | D:9      | Noticed a two-headed ogre
 10633 | D:9      | Identified the cursed +1 dire flail "Ampahexke" {antimagic,
                  | Str+2}
 10633 | D:9      | Identified the +4 dire flail "Impbane" {drain, Int+4}
 10633 | D:9      | Noticed a two-headed ogre
 10849 | D:9      | Reached ***** piety under Zin
 11067 | D:9      | Reached skill level 1 in Maces & Flails
 11218 | D:10     | Entered Level 10 of the Dungeon
 11246 | D:10     | Found a flagged portal.
 11255 | Bailey   | Entered a bailey
 11274 | Bailey   | Noticed an orc knight
 11308 | Bailey   | Killed an orc knight
 11309 | Bailey   | Reached skill level 9 in Fighting
 11960 | D:10     | Noticed an unseen horror
 11971 | D:10     | Killed an unseen horror
 11972 | D:10     | Reached skill level 5 in Throwing
 12454 | D:10     | Found a staircase to the Orcish Mines.
 13734 | D:11     | Found Umnexao's Jewellery Emporium.
 13948 | D:11     | Noticed a green ugly thing
 13960 | D:11     | Killed a green ugly thing
 13961 | D:11     | Reached XP level 12. HP: 61/96 MP: 18/18
 14401 | D:12     | Noticed Frances
 14661 | Lair:1   | Entered Level 1 of the Lair of Beasts
 15764 | Lair:1   | Reached skill level 10 in Fighting
 16111 | Lair:1   | Noticed Maggie
 16150 | Lair:1   | Killed Maggie
 16510 | Lair:1   | Noticed Nergalle
 16579 | Lair:1   | Killed Nergalle
 16580 | Lair:1   | Reached skill level 10 in Axes
 17231 | Lair:2   | Noticed a catoblepas
 17261 | Lair:2   | Killed a catoblepas
 17262 | Lair:2   | Reached XP level 13. HP: 53/104 MP: 10/20
 17700 | Lair:2   | Reached skill level 10 in Shields
 18683 | Lair:3   | Reached skill level 10 in Invocations
 18802 | Lair:3   | Reached skill level 11 in Fighting
 19915 | Lair:3   | Found a shimmering altar of Xom.
 20153 | Lair:3   | Noticed Snorg
 20458 | Lair:3   | Killed Snorg
 21230 | Lair:3   | Found a staircase to the Swamp.
 22251 | D:12     | Reached ****** piety under Zin
 22263 | D:12     | Noticed Azrael
 22355 | Orc:1    | Entered Level 1 of the Orcish Mines
 22370 | Orc:1    | Noticed Harold
 22626 | Lair:4   | Reached skill level 5 in Dodging
 22858 | Lair:4   | Found a runed translucent gate.
 22858 | Lair:4   | Found a runed translucent gate.
 22858 | Lair:4   | Found a runed translucent gate.
 22862 | Lair:4   | Reached XP level 14. HP: 114/114 MP: 22/22
 22864 | Lair:4   | Noticed a minotaur
 22865 | Lair:4   | Noticed runemage's ghost (journeyman GnFi)
 23202 | Lair:3   | Reached skill level 12 in Fighting
 23794 | Lair:4   | Found a staircase to the Snake Pit.
 25343 | Lair:5   | Found a staircase to the Slime Pits.
 25745 | Lair:6   | Entered Level 6 of the Lair of Beasts
 26972 | D:10     | Killed Harold
 27168 | Orc:1    | Reached XP level 15. HP: 122/122 MP: 23/23
 27406 | Orc:2    | Entered Level 2 of the Orcish Mines
 27413 | Orc:2    | Found Vaxett's Magic Scroll Shoppe.
 27422 | Orc:2    | Bought a scroll of fear for 45 gold pieces
 27422 | Orc:2    | Bought a scroll of identify for 26 gold pieces
 27446 | Orc:2    | Found Tuonuack's Jewellery Shop.
 28368 | Orc:2    | Found a staircase to the Elven Halls.
 28575 | Orc:2    | Found Rauwkiy's Jewellery Shoppe.
 28798 | Orc:2    | Found Xoirph's Antique Armour Boutique.
 28799 | Orc:2    | Found Nygacipyu's Magic Scroll Boutique.
 29036 | Orc:2    | Bought a smouldering plate armour for 840 gold pieces
 29036 | Orc:2    | Bought a pair of warped gloves for 285 gold pieces
 29091 | Orc:2    | Identified the +5 plate armour "Xoiteym" {Rampage Stlth+}
                  | (You bought it in a shop on level 2 of the Orcish Mines)
 29101 | Orc:2    | Identified the +1 pair of gloves of Vuafonwa {Int+3 Dex-5
                  | SInv} (You bought it in a shop on level 2 of the Orcish
                  | Mines)
 29142 | Orc:2    | Noticed a stone giant
 29164 | Orc:2    | Killed a stone giant
 29165 | Orc:2    | Reached skill level 13 in Fighting
 29214 | Orc:2    | Bought a scroll of identify for 30 gold pieces
 29214 | Orc:2    | Bought a scroll of enchant weapon for 112 gold pieces
 29214 | Orc:2    | Bought a scroll of identify for 30 gold pieces
 29250 | Orc:2    | Found a roughly hewn altar of Beogh.
 29448 | Orc:2    | Found a roughly hewn altar of Beogh.
 30010 | Lair:6   | Reached skill level 10 in Armour
 30852 | Lair:6   | Got a shimmering long sword
 30852 | Lair:6   | Identified the cursed +2 long sword of Strategic
                  | Superiority {drain, Str+5 Stlth-} (You found it on level 6
                  | of the Lair of Beasts)
 31350 | Lair:6   | Reached XP level 16. HP: 125/131 MP: 25/25
 31551 | Orc:1    | Noticed Urug
 31942 | Orc:1    | Killed Urug
 32512 | Elf:1    | Entered Level 1 of the Elven Halls
 32717 | D:12     | Found Becafeur's Antique Weapon Emporium.
 32874 | D:12     | Noticed Sonja
 33076 | Swamp:1  | Entered Level 1 of the Swamp
 34610 | Temple   | Fell from the grace of Zin
 34610 | Temple   | Became a worshipper of the Shining One
 34610 | Temple   | Reached * piety under the Shining One
 34610 | Temple   | Reached ** piety under the Shining One
 34610 | Temple   | Reached *** piety under the Shining One
 34651 | D:6      | Killed Eustachio
 35445 | Elf:1    | Reached skill level 1 in Evocations
 35511 | Elf:1    | Reached skill level 1 in Crossbows
 36566 | D:12     | Killed Frances
 37053 | D:12     | Killed Sonja
 37293 | D:12     | Bought a masterwork morningstar for 225 gold pieces
 37293 | D:12     | Identified the +4 morningstar of Fee Simple {chaos, *Drain
                  | Int+2 Dex+6} (You bought it in a shop on level 12 of the
                  | Dungeon)
 37924 | D:12     | Found a white marble altar of Elyvilon.
 37968 | D:12     | Reached skill level 14 in Fighting
 38428 | D:12     | Killed Azrael
 38429 | D:12     | Reached skill level 5 in Maces & Flails
 38943 | D:13     | You fall into a shaft and drop 2 floors!
 38943 | D:15     | Entered Level 15 of the Dungeon
 38943 | D:15     | Found Tewim's Antique Armour Boutique.
 39102 | D:13     | Reached **** piety under the Shining One
 39982 | D:13     | Found a gate to the Vaults.
 40179 | D:13     | Reached XP level 17. HP: 123/139 MP: 20/27
 40751 | D:14     | Noticed Nessos
 40994 | D:14     | Killed Nessos
 41613 | D:15     | Found Sujashrot's Armour Shoppe.
 41658 | D:15     | Reached ***** piety under the Shining One
 41825 | D:15     | Found a staircase to the Depths.
 41957 | D:15     | Found Dofrey's General Store.
 41960 | D:15     | Bought a +1 pair of gloves of archery for 165 gold pieces
 41972 | D:15     | Bought a scroll of identify for 20 gold pieces
 42531 | Depths:1 | Entered Level 1 of the Depths
 42532 | Depths:1 | Noticed a sphinx
 43964 | D:11     | Bought an uncursed amulet of reflection for 360 gold pieces
 44916 | Elf:1    | Reached skill level 5 in Evocations
 45374 | Elf:1    | Identified the +4 robe of Elyvilon's Regard {Int+4 Dex+4}
 45899 | Elf:1    | Found Katoocho's Gadget Boutique.
 45899 | Elf:1    | Found Garastrudia's Jewellery Emporium.
 45900 | Elf:1    | Found Suyhukk's Jewellery Emporium.
 46378 | Elf:2    | Reached XP level 18. HP: 128/147 MP: 24/28
 46771 | Elf:2    | Found a huge runed translucent gate.
 46771 | Elf:2    | Found a huge runed translucent gate.
 46786 | Elf:2    | Found a huge runed translucent gate.
 46890 | Elf:2    | Found a huge runed translucent gate.
 46890 | Elf:2    | Found a huge runed translucent gate.
 47486 | Elf:2    | Noticed a deep elf blademaster
 47509 | Elf:2    | Killed a deep elf blademaster
 48193 | Elf:3    | Entered Level 3 of the Elven Halls
 48196 | Elf:3    | Noticed Roxanne
 48226 | Elf:3    | Reached skill level 15 in Fighting
 48250 | Elf:3    | Killed Roxanne
 48612 | Elf:3    | Noticed a deep elf blademaster
 48629 | Elf:3    | Killed a deep elf blademaster
 48630 | Elf:3    | Reached skill level 10 in Throwing
 48671 | Elf:3    | Noticed a Brimstone Fiend
 49360 | Elf:3    | Noticed a deep elf master archer
 49363 | Elf:3    | Killed a deep elf master archer
 49364 | Elf:3    | Reached skill level 15 in Invocations
 50284 | Swamp:2  | Reached skill level 1 in Long Blades
 50674 | Swamp:3  | Found a transporter.
 50895 | Swamp:3  | Found a transporter.
 51258 | Swamp:3  | Reached XP level 19. HP: 155/155 MP: 30/30
 51267 | Swamp:3  | Reached skill level 15 in Shields
 51866 | Swamp:4  | Entered Level 4 of the Swamp
 52801 | Swamp:4  | HP: 9/232 [27-headed hydra skeleton (8)]
 54213 | Swamp:4  | Found a basalt altar of Yredelemnul.
 54225 | Swamp:4  | Got a decaying rune of Zot
 54484 | Vaults:1 | Entered Level 1 of the Vaults
 54823 | Vaults:1 | Found a portal to a secret trove of treasure.
 56668 | Depths:1 | Noticed a lich
 56691 | Depths:1 | Noticed a Brimstone Fiend
 56696 | Depths:1 | Killed a lich
 56729 | Depths:1 | Found Xehaz's Book Boutique.
 56774 | Depths:1 | Noticed a golden dragon
 56791 | Depths:1 | Found an ancient bone altar of Kikubaaqudgha.
 56825 | Depths:1 | Found a gateway to Hell.
 57309 | Depths:1 | Reached XP level 20. HP: 164/164 MP: 31/31
 57389 | Depths:1 | Reached skill level 15 in Axes
 59159 | Orc:2    | Bought a scroll of summoning for 123 gold pieces
 59159 | Orc:2    | Bought a scroll of enchant armour for 97 gold pieces
 59925 | Elf:3    | Identified the cursed +1 long sword "Lere" {flame, rElec
                  | Str+6}
 59933 | Elf:3    | Noticed a Brimstone Fiend
 59988 | Elf:3    | Noticed an Ice Fiend
 60008 | Elf:3    | Identified the +2 scale mail "Pocwawal" {Regen+ Str-3
                  | Int+5}
 60044 | Elf:3    | Reached skill level 16 in Fighting
 60219 | Elf:3    | Identified the +4 long sword "Sedweepse" {vorpal, +Blink
                  | Will+ Int-2 Dex+4}
 60397 | Elf:3    | Identified the +7 flail "Taenagiw" {venom, Str+3 Dex+4}
 60397 | Elf:3    | Identified the +5 kite shield of Catatonia {Will- Dex+5
                  | Stlth+}
 60397 | Elf:3    | Identified the ring "Ebast" {Wiz Will+ Slay+3}
 60758 | Elf:1    | Bought the ring "Raheydia" {*Tele +Inv rF++ rC- Will+} for
                  | 488 gold pieces
 60995 | Depths:1 | Killed a golden dragon
 61478 | Depths:1 | Noticed a golden dragon
 61497 | Depths:1 | Killed a golden dragon
 61720 | Depths:2 | Got a transparent pewter ring
 61729 | Depths:2 | Identified the ring "Nasemeur" {rC+ rN+++ Str-2 Slay-4
                  | Stlth+} (You found it on level 2 of the Depths)
 61954 | Depths:2 | Reached XP level 21. HP: 165/172 MP: 33/33
 62343 | Depths:2 | Found a one-way gate leading to the halls of Pandemonium.
 62620 | Depths:2 | Noticed Mara
 62625 | Depths:2 | Identified the +1 rapier of Butchery {drain, rElec Str+3
                  | Int-3}
 62638 | Depths:2 | Killed Mara
 62639 | Depths:2 | Reached skill level 10 in Evocations
 63238 | Depths:2 | Found a corrupted altar of Lugonu.
 63239 | Depths:2 | Found a one-way gate to the infinite horrors of the Abyss.
 63302 | Depths:2 | You fall into a shaft and drop 2 floors!
 63310 | Depths:4 | Reached skill level 10 in Dodging
 63327 | Depths:4 | Noticed a golden dragon
 63346 | Depths:4 | Killed a golden dragon
 63646 | Depths:4 | Reached skill level 17 in Fighting
 63882 | Depths:3 | Noticed Saint Roka
 63883 | Depths:3 | Noticed a golden dragon
 64157 | Depths:4 | Killed a golden dragon
 64646 | Depths:3 | Killed Saint Roka
 64647 | Depths:3 | Reached XP level 22. HP: 107/181 MP: 34/34
 64942 | Depths:3 | Got a dazzling longbow
 64943 | Depths:3 | Identified the cursed +1 longbow of Bopett {speed, rElec
                  | rF- rN+ SInv} (You found it on level 3 of the Depths)
 65612 | Depths:3 | Noticed Frederick
 65634 | Depths:3 | Killed Frederick
 66570 | Depths:3 | Found a gateway to a ziggurat.
 66738 | Depths:3 | Found Waipp's Antique Armour Emporium.
 66745 | Depths:3 | Found Vuomn's Distillery.
 66966 | Depths:3 | Noticed the Enchantress
 66966 | Depths:3 | Reached ****** piety under the Shining One
 67669 | D:12     | Identified a +8 battleaxe of holy wrath (a +6 battleaxe
                  | blessed by the Shining One)
 67669 | D:12     | Received a gift from the Shining One
 67838 | Snake:1  | Entered Level 1 of the Snake Pit
 69387 | Snake:2  | Noticed Aizul
 69399 | Snake:2  | Killed Aizul
 69670 | Snake:2  | Noticed Jorgrun
 69676 | Snake:2  | Killed Jorgrun
 69954 | Snake:2  | Noticed Vashnia
 69966 | Snake:2  | Killed Vashnia
 69974 | Snake:2  | Reached XP level 23. HP: 142/190 MP: 35/35
 70051 | Snake:2  | Identified the cursed +1 long sword of Zacemari {flame,
                  | +Rage Will+ Dex+2}
 70671 | Snake:2  | Noticed Nikola
 70682 | Snake:2  | Killed Nikola
 70755 | Snake:2  | Reached skill level 18 in Fighting
 72937 | Snake:4  | Entered Level 4 of the Snake Pit
 73133 | Snake:4  | Noticed Donald
 73139 | Snake:4  | Killed Donald
 73721 | Snake:4  | Found Useuck's Antique Armour Shop.
 74782 | Snake:4  | Got a serpentine rune of Zot
 75231 | Temple   | Fell from the grace of the Shining One
 75231 | Temple   | Became a worshipper of Zin the Law-Giver
 76532 | Elf:1    | Bought the ring "Rydaemac" {rPois rN+ Slay+2} for 514 gold
                  | pieces
 76605 | Orc:2    | Bought the ring "Coraol" {EV+4 Int+4 Dex-5 Slay+2} for 493
                  | gold pieces
 77334 | Depths:4 | Reached XP level 24. HP: 132/199 MP: 35/35
 77685 | Depths:4 | Identified the +6 chain mail "Amarucke" {rF++ Int+3}
 78529 | Depths:4 | Noticed a golden dragon
 78558 | Depths:4 | Killed a golden dragon
 78933 | Depths:4 | Identified the cursed +1 morningstar "Ybrer" {speed, rC+}
 79332 | Depths:5 | Entered Level 5 of the Depths
 80185 | Depths:5 | Noticed a juggernaut
 80195 | Depths:5 | Killed a juggernaut
 80293 | Depths:5 | Noticed a juggernaut
 80304 | Depths:5 | Killed a juggernaut
 80305 | Depths:5 | Reached skill level 19 in Fighting
 80589 | Depths:5 | Noticed a juggernaut
 80694 | Depths:4 | Killed a juggernaut
 80867 | Depths:4 | Reached XP level 25. HP: 194/207 MP: 36/36
 81835 | Depths:5 | Found a gate to the Realm of Zot.
 82350 | Depths:5 | Upgraded the game from 0.26.0-10-g1f06aea511 to
                  | 0.26.0-11-g8f856b5395
 83555 | Vaults:2 | Found Susoll's General Store.
 85219 | Vaults:3 | Found a staircase to the Crypt.
 85829 | Vaults:3 | Reached XP level 26. HP: 217/217 MP: 36/36
 86244 | Vaults:3 | You fall into a shaft and drop 1 floor!
 86807 | Crypt:1  | Entered Level 1 of the Crypt
 87284 | Orc:2    | Bought a scroll of holy word for 97 gold pieces
 87284 | Orc:2    | Bought 2 scrolls of fog for 52 gold pieces
 87284 | Orc:2    | Bought 2 scrolls of holy word for 195 gold pieces
 88054 | D:11     | Bought the ring of the Mutiny {*Tele rC+ rN+ Stlth+} for
                  | 342 gold pieces
 88604 | Vaults:4 | Reached skill level 20 in Fighting
 89546 | Vaults:4 | Reached skill level 15 in Armour
 89897 | Vaults:4 | Found a transporter.
 89901 | Vaults:4 | Found a radiant altar of Vehumet.
 92387 | Crypt:2  | Found a transporter.
 92388 | Crypt:2  | Found the +8 autumn katana {vorpal, Clar}
 92675 | Crypt:2  | Found the +12 Vampire's Tooth {vamp}
 92812 | Crypt:2  | Reached skill level 21 in Fighting
 93262 | Crypt:3  | Entered Level 3 of the Crypt
 93688 | Crypt:3  | Reached XP level 27. HP: 225/228 MP: 36/36
 93810 | Crypt:3  | Found a staircase to the Tomb.
 94149 | Crypt:3  | Found the +3 giant club "Skullcrusher" {speed, Str+7}
 94385 | Crypt:3  | Found the +9 staff of Olgreb {rPois∞}
 94437 | Crypt:3  | Noticed an ancient lich
 94437 | Crypt:3  | Noticed an ancient lich
 94457 | Crypt:3  | Killed an ancient lich
 94464 | Crypt:3  | Reached skill level 22 in Fighting
 94469 | Crypt:3  | Killed an ancient lich
 94667 | Crypt:3  | Got a coiled granite ring
 94667 | Crypt:3  | Identified the ring "Aleph" {*Slow rElec rC+ rN++ Stlth+}
                  | (You found it on level 3 of the Crypt)
 94669 | Crypt:3  | Identified the Collected Works on Clay
 94909 | Tomb:1   | Entered Level 1 of the Tomb of the Ancients
 95720 | Tomb:1   | Noticed a royal mummy
 95732 | Tomb:1   | Killed a royal mummy
 95938 | Tomb:1   | Noticed a royal mummy
 95947 | Tomb:1   | Noticed a royal mummy
 95970 | Tomb:1   | Killed a royal mummy
 96761 | Tomb:1   | Killed a royal mummy
 98353 | D:9      | Killed TimelessDreamer's ghost
 98367 | D:9      | Got a smoking glaive
 98367 | D:9      | Identified the cursed +1 glaive of Ixzelil {vorpal, *Rage
                  | rElec Int+2 Dex+2} (You found it on level 9 of the Dungeon)
 98552 | Lair:4   | Upgraded the game from 0.26.0-11-g8f856b5395 to
                  | 0.26.0-15-gc6cd9f700b
 98709 | Orc:2    | Bought the ring "Hedinih" {rF+ Will+ Stlth-} for 487 gold
                  | pieces
 99955 | Slime:1  | Entered Level 1 of the Pits of Slime
100726 | Slime:2  | Reached skill level 23 in Fighting
102246 | Slime:5  | Entered Level 5 of the Pits of Slime
102518 | Slime:4  | Reached skill level 5 in Crossbows
103685 | Slime:5  | Noticed the Royal Jelly
105186 | Slime:4  | HP: 11/234 [acid[the Royal Jelly] (2)]
105186 | Slime:4  | HP: 2/234 [acid[the Royal Jelly] (6)]
105186 | Slime:4  | Slain by an azure jelly

Illustrated notes

Levels and vault maps discovered:
D:1:      amcnicky_arrival_flooded_fountain, layout_loops_ring, serial_forest,
          infiniplex_forest_zigzag_1, infiniplex_forest_straight_3,
          infiniplex_forest_3_way, infiniplex_forest_end_3,
          infiniplex_forest_clump_diagonal, infiniplex_forest_straight_2,
          infiniplex_forest_clump_long, minmay_misc_feat_x
D:2:      layout_basic, minmay_quantized
D:3:      layout_rooms
D:4:      layout_layer_cave, kennysheep_mini
D:5:      layout_gridville, temple_doors_cd, portal_sewer_entry_f,
          amethyst_killhole
D:6:      cheibrodos_thug_alley, layout_basic, uniq_eustachio
D:7:      layout_loops_corners
D:8:      layout_cave_pools, minmay_lair_entry_grove, serial_column_ruins,
          column_ruins_hut_ruined, column_ruins_hut,
          column_ruins_columns_straight, column_ruins_open_tiny,
          column_ruins_columns_corner, column_ruins_grid_1,
          column_ruins_open_medium, column_ruins_grid_4, column_ruins_open_tiny
D:9:      layout_rooms, gammafunk_ghost_smash
D:10:     layout_long_grid, david_orc_2, enter_bailey_2
D:11:     layout_loops_ring, serial_shops, shop, minmay_microvault
D:12:     layout_cave_pools, serial_shops, shop, gauntlet_entry_generic,
          elyvilon_altar_3, uniq_azrael, uniq_frances, uniq_sonja
D:13:     layout_irregular_city, david_vaults_1, hangedman_aviary
D:14:     layout_rooms, hangedman_abyss_or_decor_clamps, uniq_nessos
D:15:     hangedman_depths_entry_civil_slaughter, layout_basic, serial_rivers,
          chequers_serial_rivers_micro_c, chequers_serial_rivers_small_a,
          chequers_serial_rivers_marsh, chequers_serial_rivers_micro_c,
          chequers_serial_rivers_large_a, chequers_serial_rivers_micro_e,
          serial_shops, shop, shop, nicolae_shop_behind_doors
Temple:   compressed_dpeg_triangle_lava_temple
Lair:1:   layout_regular_city, st_stairs_10, uniq_nergalle, uniq_maggie
Lair:2:   layout_roguey
Lair:3:   layout_cellular_growth, nicolae_swamp_entry_splash_gauntlet,
          basic_altar, ice2_lemuel, uniq_snorg
Lair:4:   layout_loops_ring, minmay_snake_entry_six_corridors,
          maelrawn_ghost_gauntlet_escape
Lair:5:   layout_hall_layers, minmay_slime_entry_oklob_enclosed,
          lemuel_fruit_tree, grunt_megastairs_1
Lair:6:   evilmike_catoblepas_cave, layout_concentric_octagons,
          minmay_stone_trees_medium
Swamp:1:  layout_basic_swamp, evilmike_swamp_ruin_house_5
Swamp:2:  layout_basic_swamp, evilmike_swamp_ruin_house_6, grunt_witch_cave,
          infiniplex_staircase_pool
Swamp:3:  gammafunk_sealed_arena, layout_falls_marsh, serial_swamp_ruin,
          evilmike_swamp_ruin_house_1, evilmike_swamp_ruin_house_2
Swamp:4:  byrel_swamp_growth_death_and_undeath, layout_basic_swamp, swamp_pool1
Snake:1:  nicolae_snake_nest, layout_layer_cave
Snake:2:  layout_basic, grunt_ministairs_6, uniq_jorgrun, uniq_aizul,
          uniq_vashnia, uniq_nikola
Snake:3:  layout_chambers, grunt_ministairs_2
Snake:4:  minmay_snake_end_coiled, layout_layer_cave, serial_shops, shop,
          drop_trap, hangedman_snake_pattern, uniq_donald
Slime:1:  layout_caves, nicolae_slime_phagocytosis
Slime:2:  cheibrodos_slime_lost_civilization_9, layout_caves
Slime:3:  layout_caves, special_room [special_room_jelly]
Slime:4:  layout_caves
Slime:5
Orc:1:    layout_caves, uniq_urug, uniq_harold
Orc:2:    st_orc_open, layout_diamond_mine, basic_altar, serial_shops,
          nicolae_shop_crystal, mines2_david
Elf:1:    layout_gridlike, hangedman_elf_represent, nicolae_elf_v_pinch,
          st_stairs_7, corexii_checkpoint_a, kb_rosetta, minmay_shop_grove
Elf:2:    layout_loops_ring, grunt_megastairs_2
Elf:3:    grunt_elf_hall_branching, layout_geoelf_octagon, uniq_roxanne
Vaults:1: nicolae_vaults_network_quinsquares
          [nicolae_vaults_network_quincunx_subvault,
          nicolae_vaults_network_quincunx_subvault,
          nicolae_vaults_network_quincunx_subvault,
          nicolae_vaults_network_quincunx_subvault], grunt_vaults_diagonal,
          v_pattern_4, vaults_mumra_lcd, hangedman_vaults_hat,
          nicolae_vaults_little_squares_6, v_misc_4, hangedman_vaults_slither,
          vaults_room_grunt_arrival_ludios, grunt_vaults_bifocal,
          ontoclasm_vaults_shuriken, ontoclasm_vaults_idyll,
          layout_vaults_omnibox, enter_trove_2
Vaults:2: v_pattern_1, nicolae_vaults_specimen_jars, v_misc_18, v_misc_9,
          vaults_room_pool, nicolae_vaults_little_squares_6, v_misc_10,
          vaults_standard_mumra_lines, ontoclasm_vaults_hangar,
          nicolae_vaults_little_squares_6, v_misc_11, layout_vaults_omnigrid,
          serial_shops, shop
Vaults:3: minmay_crypt_entry_simple_box, v_misc_33, st_smaller_cells, v_misc_2,
          ontoclasm_vaults_fault, vaults_mumra_hex,
          nicolae_vaults_circle_grid_a, vaults_room_door_hall,
          vaults_standard_mumra_enter_the_diamond, ontoclasm_vaults_ring_small,
          grunt_vaults_twisty, layout_vaults_ring
Vaults:4: gammafunk_sealed_library, vaults_room_large_hall,
          ontoclasm_vaults_pinch, v_misc_26,
          hangedman_vaults_stretched_pinwheel, nicolae_vaults_asterisk,
          v_misc_8, v_rooms_1, nicolae_vaults_twisting_passages,
          nicolae_vaults_gold_heap, ontoclasm_vaults_hangar,
          layout_vaults_maze_snakey, portal_desolation_entry_twin_temple
Crypt:1:  layout_basic, eino_tiny_chamber
Crypt:2:  gammafunk_dig_for_victory, layout_rooms,
          minmay_guarded_unrand_vampires_tooth
Crypt:3:  david_glass_crypt, layout_gridlike, tomb_entry_forgotten_bobbens
Tomb:1
Depths:1: layout_cave_pools, hell_entry, lemuel_crystal_altar, minivault_1,
          abandoned_shop, minivault_12, minmay_shop_star, grunt_megastairs_5
Depths:2: grunt_deathspiral_large, layout_cave_pools, hell_entry,
          grunt_decor_arrowhead, abyss_entry_flame_altar, pan_entry, uniq_mara
Depths:3: minmay_diamond_stairs, layout_basic, enter_ziggurat_f,
          grunt_hell_entry_dis_old, pan_entry, hangedman_abyss_entry_splay,
          minislime_mu, minmay_shoptagon, uniq_enchantress, uniq_frederick,
          uniq_saint_roka
Depths:4: wad_courtyard, layout_basic, abyss_entry,
          grunt_hell_entry_demonic_statue, serial_sigils,
          serial_sigils_hangedman_writhe, minivault_14, st_stairs_14,
          infiniplex_staircase_zigzag_3
Depths:5: evilmike_zot_entry_argh, layout_cave_pools, hangedman_decor_riveting,
          hell_entry, kilobyte_mutagenic_chamber

Skill      XL: |  1  2  3  4  5  6  7  8  9 10 11 12 13 14 15 16 17 18 19 20 21 22 23 24 25 26 27 |
---------------+----------------------------------------------------------------------------------+-----
Shields        | 4 5 6 7 8 9 11 12 13 14 15 | 15.4
Axes           | 3 4 5 6 7 8 9 10 11 12 13 14 15 16 17 18 19 20 | 20.5
Dodging        | 1 2 3 4 5 6 7 8 9 10 11 12 13 | 13.8
Fighting       | 4 5 6 7 8 9 10 11 12 13 14 15 16 17 18 19 21 23 | 23.8
Armour         | 4 5 6 7 9 10 11 12 13 14 15 16 | 16.5
Throwing       | 1 2 4 5 6 7 8 9 10 11 12 13 | 13.3
Invocations    | 1 3 5 6 8 9 10 11 13 14 15 16 17 18 19 | 19.8
Stealth        | 1 |  1.6
Maces & Flails | 3 4 5 |  5.3
Evocations     | 3 5 6 8 9 10 11 12 13 14 | 14.3
Crossbows      | 1 5 |  5.5
Long Blades    | 2 3 |  3.8

Action                   |  1- 3 |  4- 6 |  7- 9 | 10-12 | 13-15 | 16-18 | 19-21 | 22-24 | 25-27 || total
-------------------------+-------+-------+-------+-------+-------+-------+-------+-------+-------++-------
Melee: War axe           |    90 |   175 |    22 |       |       |       |       |       |       ||   287
       Hand axe          |       |       |   241 |   787 |  1480 |   456 |       |       |       ||  2964
       Morningstar       |       |       |       |    59 |    73 |       |       |       |       ||   132
       Mace              |       |       |       |       |       |   130 |    16 |       |       ||   146
       Dire flail        |       |       |       |       |       |    39 |       |       |       ||    39
       Battleaxe         |       |       |       |       |       |   488 |   754 |  1086 |  1358 ||  3686
       Scimitar          |       |       |       |       |       |    58 |    28 |       |       ||    86
       Flail             |       |       |       |       |       |       |    13 |       |       ||    13
       Long sword        |       |       |       |       |       |       |       |       |    66 ||    66
 Fire: Hand crossbow     |       |       |       |       |    11 |    15 |     2 |       |       ||    28
       Arbalest          |       |       |       |       |       |       |     2 |       |     4 ||     6
Throw: Boomerang         |       |    16 |    51 |   118 |   133 |   203 |   166 |    35 |   331 ||  1053
       Dart              |       |     4 |     7 |     1 |       |       |       |       |       ||    12
       Throwing net      |       |     1 |       |       |       |     1 |     1 |     2 |       ||     5
       Javelin           |       |       |       |       |       |     5 |    18 |    26 |    18 ||    67
Invok: Recite            |       |       |     1 |    10 |    15 |    11 |       |    13 |    26 ||    76
       Vitalisation      |       |       |       |     6 |     9 |    11 |       |    10 |    11 ||    47
       Imprison          |       |       |       |       |     1 |       |       |       |       ||     1
       Divine Shield     |       |       |       |       |       |    23 |    12 |     1 |       ||    36
       Cleansing Flame   |       |       |       |       |       |     3 |    12 |     2 |       ||    17
       Sanctuary         |       |       |       |       |       |     1 |       |     1 |     4 ||     6
       Summon Divine War |       |       |       |       |       |       |     2 |       |       ||     2
       Brand Weapon With |       |       |       |       |       |       |       |     1 |       ||     1
 Abil: Dig               |     3 |     3 |    10 |    27 |    55 |    15 |    17 |    44 |     7 ||   181
Evoke: Wand              |       |       |       |       |       |     1 |    18 |     2 |     4 ||    25
       Lightning rod     |       |       |       |       |       |       |       |     1 |       ||     1
  Use: Scroll            |       |       |     9 |     3 |    12 |    19 |     8 |     7 |    17 ||    75
       Potion            |       |       |       |    14 |     5 |     9 |     5 |       |     6 ||    39
 Stab: Confused          |       |       |       |     7 |     5 |     8 |       |       |     7 ||    27
       Invisible         |       |       |       |     1 |     1 |    16 |       |       |       ||    18
       Paralysed         |       |       |       |       |       |     6 |       |     1 |     2 ||     9
Armor: Scale mail        |    26 |    69 |    91 |   143 |   174 |       |       |       |       ||   503
       Plate armour      |       |       |       |       |    70 |   467 |   376 |       |       ||   913
       Skin              |       |       |       |       |       |     1 |    22 |       |       ||    23
       Gold dragon scale |       |       |       |       |       |       |    72 |   194 |    56 ||   322
       Acid dragon scale |       |       |       |       |       |       |       |     3 |       ||     3
       Chain mail        |       |       |       |       |       |       |       |       |   324 ||   324
Dodge: Dodged            |    18 |    68 |   134 |   396 |   466 |   512 |   265 |   206 |   348 ||  2413
Block: Kite shield       |    31 |   108 |   125 |   394 |   747 |  1036 |   443 |       |       ||  2884
       Reflection        |       |       |       |       |       |    26 |    56 |   203 |   151 ||   436
       Tower shield      |       |       |       |       |       |       |   594 |  1288 |  1843 ||  3725
       Rpst.: Scimitar   |       |       |       |       |       |     7 |     1 |       |       ||     8
       Long sword        |       |       |       |       |       |       |       |       |     5 ||     5
